 Dungeon Crawl Stone Soup version 0.21.0 (webtiles) character file.

9828 Malinar the Severer (level 11, -1/104 HPs)
             Began as a Minotaur Berserker on Apr 18, 2018.
             Was a High Priest of Trog.
             Slain by a freezing wraith (4 damage)
             ... in an ice cave.
             The game lasted 00:28:17 (11214 turns).

Malinar the Severer (Minotaur Berserker)           Turns: 11214, Time: 00:28:19

Health: -1/104     AC:  6    Str: 25    XL:     11   Next: 28%
Magic:  10/10      EV: 16    Int:  4    God:    Trog [*****.]
Gold:   510        SH:  0    Dex: 13    Spells: 10/10 levels left

rFire    . . .     SeeInvis .   J - +4 battleaxe (chop)
rCold    . . .     Gourm    .   (shield currently unavailable)
rNeg     . . .     Faith    .   I - +0 troll leather armour
rPois    .         Spirit   .   (helmet restricted)
rElec    .         Reflect  .   A - scarf {repulsion}
rCorr    .         Harm     .   (no gloves)
MR       +....                  u - +1 pair of boots
Stlth    +.........             (no amulet)
HPRegen  0.67/turn              v - +3 ring of dexterity
MPRegen  0.12/turn              w - ring of protection from magic

@: slowed, repel missiles, very slow
A: retaliatory headbutt, horns 2
a: Berserk, Trog's Hand, Brothers in Arms, Burn Spellbooks, Renounce Religion


You were in an ice cave.
You worshipped Trog.
Trog was extremely pleased with you.
You were near starving.

You visited 2 branches of the dungeon, and saw 12 of its levels.
You also visited: Sewer and Ice Cave.

You collected 510 gold pieces.

Inventory:

Hand Weapons
 J - a +4 battleaxe of chopping (weapon)
Missiles
 C - 2 javelins of returning (quivered)
Armour
 u - a +1 pair of boots (worn)
 A - a scarf of repulsion (worn)
 I - a +0 troll leather armour (worn)
Jewellery
 i - an uncursed ring of fire
 v - a +3 ring of dexterity (left hand)
 w - a ring of protection from magic (right hand)
 B - an uncursed ring of fire
Wands
 b - a wand of clouds (5)
 p - a wand of paralysis (6)
 t - a wand of flame (30)
 y - a wand of random effects (15)
 E - a wand of disintegration (6)
 H - a wand of scattershot (7)
Scrolls
 d - a scroll of magic mapping
 e - 6 scrolls of fear
 g - 4 scrolls of teleportation
 j - 2 scrolls of identify
 m - 2 scrolls of enchant weapon
 q - 3 scrolls of fog
 F - a scroll of enchant armour
 G - a scroll of remove curse
Potions
 f - 13 potions of heal wounds
 h - 4 potions of curing
 k - 2 potions of flight
 l - 5 potions of might
 o - a potion of cancellation
 r - a potion of haste
 s - 2 potions of magic
 x - a potion of invisibility
 z - a potion of agility
 D - 2 potions of resistance
Miscellaneous
 a - a fan of gales
Comestibles
 c - 13 rations


   Skills:
 - Level 12.2 Fighting
 + Level 15.1 Axes
 - Level 2.7 Armour
 - Level 7.6 Dodging
 - Level 1.0 Stealth


You had 10 spell levels left.
You didn't know any spells.

Dungeon Overview and Level Annotations

Branches:
Dungeon (11/15)            Temple (1/1) D:5
   Lair: D:8-11         Orc: D:9-12

Altars:
Ashenzari
Dithmenos
Fedhas
Gozag
Hepliaklqana
Makhleb
Uskayaw

Shops:
D:9 (


Innate Abilities, Weirdness & Mutations

You reflexively headbutt those who attack you in melee.
You have a pair of horns on your head.


Message History

You hit the freezing wraith.
Your headbutt misses the freezing wraith.
The freezing wraith is heavily damaged.
You slice the freezing wraith!! The freezing wraith misses you.
The freezing wraith hits you! The freezing wraith misses you.
The freezing wraith hits you. The freezing wraith drains your vigour!
You feel as though you will be slow longer.
The freezing wraith hits you!
* * * LOW HITPOINT WARNING * * *
The freezing wraith freezes you!
* * * LOW HITPOINT WARNING * * *
The freezing wraith hits you but does no damage.
You're too hungry.
You feel much better. The freezing wraith hits you!
The freezing wraith freezes you!!
* * * LOW HITPOINT WARNING * * *
The freezing wraith hits you!
* * * LOW HITPOINT WARNING * * *
The freezing wraith hits you.
You die...

###### ##....###
#.......###
##..###@W.#
##..###W..#
##..###...# #...#
#...# ##### ##..#
#.... ###...###
###...# #...
........###....##
##.
..............##
...........####


You could see 2 freezing wraiths.

Vanquished Creatures
  The ghost of Skitzette the Carver, a novice MiBe of Trog (D:8)
  The ghost of ddlpg the Chopper, a novice FoFi (D:5)
  Joseph (D:8)
  A gargoyle (D:10)
  2 ice devils (D:11)
  3 trolls
  2 hornets
  2 hippogriffs
  Sigmund (D:2)
  A wraith (D:10)
  A wyvern (D:10)
  A vampire (D:9)
  A hungry ghost (D:7)
  A death yak simulacrum (IceCv)
  A water moccasin (D:10)
  2 soldier ants (D:8)
  Duvessa (D:5)
  3 sky beasts
  An orc warrior (D:10)
  6 ice beasts
  3 phantoms
  A black bear (D:6)
  An eye of draining (D:10)
  A necrophage (D:8)
  4 ogres
  The ghost of Skitzette the Ducker, an amateur MfTm of Fedhas (D:4)
  4 centaurs
  A crocodile (D:8)
  5 bullfrogs
  3 big kobolds (D:9)
  Blork the orc (D:6)
  Dowan (D:5)
  3 scorpions
  A swamp dragon simulacrum (IceCv)
  An elephant simulacrum (IceCv)
  A vampire bat (D:6)
  5 wights (D:7)
  3 howler monkeys (D:9)
  2 centaur zombies
  4 crimson imps
  4 jellies
  An orc priest (D:10)
  8 hounds
  3 orc wizards
  6 iguanas
  Terence (D:2)
  Natasha (thrice) (D:3)
  6 worker ants
  A wolf simulacrum (IceCv)
  A worker ant zombie (D:9)
  10 gnolls
  26 adders
  7 river rats
  5 white imps (IceCv)
  An ooze (D:2)
  An adder skeleton (D:9)
  An adder zombie (D:9)
  4 dart slugs
  5 worms
  10 leopard geckos
  11 orcs
  15 ball pythons
  6 giant cockroaches
  11 hobgoblins
  15 jackals
  4 quokkas
  19 bats
  7 frilled lizards
  7 goblins
  20 kobolds
  A leopard gecko skeleton (D:5)
  35 rats
334 creatures vanquished.

Notes
Turn   | Place    | Note
-------+----------+-------------------------------------------
     0 | D:1      | Malinar the Minotaur Berserker began the quest for the Orb.
     0 | D:1      | Reached XP level 1. HP: 19/19 MP: 0/0
    23 | D:1      | Reached skill level 4 in Axes
    80 | D:1      | Reached XP level 2. HP: 23/26 MP: 1/1
   500 | D:1      | Reached skill level 5 in Axes
   503 | D:1      | Reached XP level 3. HP: 28/31 MP: 2/2
   509 | D:1      | Reached ** piety under Trog
   811 | D:2      | Noticed Terence
   816 | D:2      | Killed Terence
   916 | D:2      | Reached XP level 4. HP: 38/39 MP: 3/3
   968 | D:2      | Reached skill level 6 in Axes
  1332 | D:2      | Reached skill level 1 in Stealth
  1639 | D:2      | Reached XP level 5. HP: 41/45 MP: 4/4
  1727 | D:2      | Noticed Sigmund
  1774 | D:2      | Killed Sigmund
  1774 | D:2      | Reached skill level 8 in Axes
  1774 | D:2      | Reached XP level 6. HP: 51/51 MP: 5/5
  2024 | D:3      | Reached *** piety under Trog
  2142 | D:3      | Reached skill level 9 in Axes
  2549 | D:3      | Noticed Natasha
  2556 | D:3      | Killed Natasha
  2556 | D:3      | Reached XP level 7. HP: 49/57 MP: 6/6
  2588 | D:3      | Found a glowing drain.
  2637 | Sewer    | Entered a sewer
  2882 | Sewer    | Reached **** piety under Trog
  3169 | Sewer    | Reached skill level 10 in Axes
  3869 | D:3      | Noticed Natasha
  3877 | D:3      | Killed Natasha
  4464 | D:3      | Noticed Natasha
  4473 | D:3      | Killed Natasha
  4588 | D:4      | Reached skill level 11 in Axes
  4709 | D:4      | Noticed Skitzette's ghost (amateur MfTm)
  4719 | D:4      | Killed Skitzette's ghost
  4719 | D:4      | Reached XP level 8. HP: 64/64 MP: 7/7
  5015 | D:5      | Entered Level 5 of the Dungeon
  5049 | D:5      | Noticed Dowan
  5051 | D:5      | Noticed Duvessa
  5057 | D:5      | Killed Duvessa
  5061 | D:5      | Killed Dowan
  5061 | D:5      | Reached skill level 12 in Axes
  5162 | D:5      | Reached ***** piety under Trog
  5251 | D:5      | Found a staircase to the Ecumenical Temple.
  5265 | D:5      | Noticed ddlpg's ghost (novice FoFi)
  5273 | D:5      | Killed ddlpg's ghost
  5273 | D:5      | Reached skill level 13 in Axes
  5332 | Temple   | Entered the Ecumenical Temple
  5494 | D:5      | Reached XP level 9. HP: 67/70 MP: 8/8
  5760 | D:6      | Found a hazy altar of Hepliaklqana.
  5947 | D:6      | Reached skill level 14 in Axes
  5954 | D:6      | Noticed Blork the orc
  5959 | D:6      | Killed Blork the orc
  6640 | D:7      | Reached skill level 5 in Fighting
  6751 | D:7      | Noticed a troll
  6759 | D:7      | Killed a troll
  6925 | D:7      | Found a shattered altar of Ashenzari.
  7643 | D:8      | Noticed Joseph
  7652 | D:8      | Killed Joseph
  7788 | D:8      | Reached XP level 10. HP: 93/93 MP: 9/9
  7795 | D:8      | Reached skill level 10 in Fighting
  7862 | D:8      | Noticed Skitzette's ghost (novice MiBe)
  7875 | D:8      | Killed Skitzette's ghost
  8267 | D:8      | Paralysed by a hornet for 2 turns
  8513 | D:9      | Found a hide-covered altar of Uskayaw.
  8643 | D:9      | Found Naduawk's Antique Weapon Shoppe.
  8834 | D:9      | Found a shadowy altar of Dithmenos.
  9287 | D:9      | Received a gift from Trog
  9720 | D:10     | Entered Level 10 of the Dungeon
  9726 | D:10     | Reached skill level 5 in Dodging
  9852 | D:10     | Noticed a gargoyle
  9860 | D:10     | Killed a gargoyle
 10313 | D:10     | Reached XP level 11. HP: 54/103 MP: 10/10
 10779 | D:10     | Received a gift from Trog
 10989 | D:11     | Found a frozen archway.
 11106 | IceCv    | Entered an ice cave
 11179 | IceCv    | Reached skill level 15 in Axes
 11214 | IceCv    | HP: 3/104 [freezing wraith (7)]
 11214 | IceCv    | Slain by a freezing wraith

Skill      XL: |  1  2  3  4  5  6  7  8  9 10 11 |
---------------+----------------------------------+-----
Axes           | 4 5 6 8 9 11 13 14 15 | 15.1
Stealth        | 1 |  1.0
Fighting       | 9 12 | 12.2
Dodging        | 7 |  7.6
Armour         | |  2.7

Action                   |  1- 3 |  4- 6 |  7- 9 | 10-12 || total
-------------------------+-------+-------+-------+-------++-------
Melee: Hand axe          |    72 |   137 |   374 |   209 ||   792
       Headbutt          |    14 |    25 |    65 |    66 ||   170
       Battleaxe         |       |       |       |    50 ||    50
Invok: Berserk           |     1 |     4 |     6 |     7 ||    18
       Trog's Hand       |       |     1 |     2 |     1 ||     4
       Burn Spellbooks   |       |       |       |     1 ||     1
  Use: Potion            |       |       |     2 |     2 ||     4
       Scroll            |       |       |    15 |     5 ||    20
 Stab: Sleeping          |       |     4 |     2 |     3 ||     9
       Distracted        |       |       |     1 |       ||     1
  Eat: Chunk             |     1 |     8 |    20 |     9 ||    38
       Ration            |       |       |     2 |     2 ||     4
Armor: Animal skin       |     7 |    14 |    34 |    35 ||    90
       Troll leather arm |       |       |       |    10 ||    10
Dodge: Dodged            |    47 |    65 |   164 |   129 ||   405
       Deflected         |       |       |       |     5 ||     5
